 Dungeon Crawl Stone Soup version 0.30-a0-996-ga6910c8ee8 (webtiles) character file.

Game seed: 9282373840652375190

1423 ytrimaz the Reanimator (level 8, 0/57 HPs)
             Began as a Demigod Necromancer on Apr 5, 2023.
             Slain by a sleepcap (7 damage)
             ... on level 5 of the Dungeon.
             The game lasted 00:07:49 (4718 turns).

ytrimaz the Reanimator (Demigod Necromancer)        Turns: 4718, Time: 00:07:50

Health: 0/57       AC:  3    Str:  9    XL:     8   Next: 20%
Magic:  1/19       EV: 12    Int: 25    God:
Gold:   221        SH:  5    Dex: 14    Spells: 4/17 levels left

rFire   . . .      SeeInvis .    d - +2 trident (flame)
rCold   . . .      Faith    .    (no shield)
rNeg    . . .      Spirit   .    n - +0 robe {Archmagi}
rPois   +          Reflect  +    (no helmet)
rElec   .          Rampage  .    u - +0 cloak
rCorr   .          Archmagi +    (no gloves)
Will    .....                    (no boots)
Stlth   ++                       m - amulet of reflection
HPRegen 0.29/turn                k - ring of poison resistance
MPRegen 0.16/turn                r - ring of wizardry

@: no status effects
A: high MP 1, forlorn, divine attributes
a: no special abilities


You were on level 5 of the Dungeon.
You visited 1 branch of the dungeon, and saw 5 of its levels.

You collected 221 gold pieces.


Innate Abilities, Weirdness & Mutations

You have an increased reservoir of magic. (+10% MP)
You shall have no god before yourself.
Your divine heritage dramatically boosts your attributes as you level up.


   Skills:
 - Level 1.7 Dodging
 - Level 1.7 Stealth
 - Level 5.0 Spellcasting
 + Level 8.9 Necromancy


You had 4 spell levels left.
You knew the following spells:

 Your Spells              Type           Power      Damage    Failure   Level
a - Necrotise             Necr           100%       1d9       1%          1
b - Vampiric Draining     Necr           67%        2d10      1%          3
c - Animate Dead          Necr           67%        N/A       1%          4
d - Agony                 Necr           67%        N/A       2%          5

Your spell library contained the following spells:

 Spells                   Type           Power      Damage    Failure   Level
 Borgnjor's Revivificati  Necr           33%        N/A       99%         8
 Necromutation            Tmut/Necr      21%        N/A       100%        8
 Death's Door             Necr           33%        N/A       100%        9

Inventory:

Hand Weapons
 c - a +0 vampiric dagger
   (You took it off a goblin on level 1 of the Dungeon)
 d - a +2 trident of flaming (weapon)
   (You took it off a goblin on level 2 of the Dungeon)
 f - a +0 vampiric spear
   (You took it off a gnoll on level 1 of the Dungeon)
Armour
 a - a +0 robe
 n - a +0 robe of the Archmagi (worn)
   (You took it off Sigmund on level 4 of the Dungeon)
 u - a +0 cloak (worn)
   (You took it off Crazy Yiuf on level 4 of the Dungeon)
Jewellery
 k - a ring of poison resistance (left hand)
   (You found it on level 2 of the Dungeon)
 l - a ring of protection from fire
   (You found it on level 3 of the Dungeon)
 m - an amulet of reflection (around neck)
   (You found it on level 3 of the Dungeon)
 o - a ring of protection from cold
   (You found it on level 3 of the Dungeon)
 r - a ring of wizardry (right hand)
   (You found it on level 4 of the Dungeon)
Scrolls
 g - a scroll of magic mapping {unknown}
 i - 4 scrolls of teleportation
 j - 5 scrolls of immolation
 p - a scroll of fog {unknown}
 q - 2 scrolls of poison
 s - a scroll of enchant armour {unknown}
Potions
 b - a potion of magic
 h - a potion of invisibility
 t - a potion of degeneration

Dungeon Overview and Level Annotations

Branches:
Dungeon (5/15) Zot: 25231
 Temple: D:4-7

...# ###########
.....###..#.......
.....#....#.......
.....#....#.......
.....#.@fZ#)......
#...Z.).......
#...###)...[.. #...##
##..... .#######....#
.... ........#(..# ...
........#..## ..
........#####+########
........#..#.....#...#


You could see a sleepcap (ally target), a friendly kobold zombie and a friendly
kobold skeleton.


Message History

The kobold hits you with a +0 dagger.
* * * LOW HITPOINT WARNING * * *
😱 HP[-8]
You take 8 damage, and now have 9/57 hp.
You hit the kobold. You burn the kobold.
You kill the kobold!
Your kobold zombie hits the sleepcap but does no damage.
The kobold hits you with a +3 short sword of venom.
* * * LOW HITPOINT WARNING * * *
😱 HP[-5] MP[+1]
You take 5 damage, and now have 4/57 hp.
You feel much better.
Your kobold zombie hits the sleepcap but does no damage.
You block the kobold's attack.
The sleepcap releases spores at you. 😮 HP[+27]
You regained 27 hp, and now have 31/57 hp.
Unknown command.
You closely miss the kobold. You block the kobold's attack.
The sleepcap releases spores at you.
* * * LOW HITPOINT WARNING * * *
Your kobold zombie hits the sleepcap but does no damage. 😨 HP[-6]
You take 6 damage, and now have 25/57 hp.
Unknown command.
You closely miss the kobold. The kobold closely misses you.
The sleepcap releases spores at you.
* * * LOW HITPOINT WARNING * * *
Your kobold zombie hits the sleepcap but does no damage.
The sleepcap releases spores at you.
* * * LOW HITPOINT WARNING * * *
You are engulfed in a cloud of soporific spores!
You fall asleep.
The kobold barely misses you.
Your kobold zombie hits the sleepcap.
The kobold barely misses you. The sleepcap releases spores at you.
You wake up.
* * * LOW HITPOINT WARNING * * *
You are engulfed in a cloud of soporific spores!
You are unaffected. 😨 HP[-8]
You take 8 damage, and now have 17/57 hp.
Press: ? - help, v - describe, . - travel
Here: a kobold, wielding a +3 short sword of venom and quivering stones The floor.
Unknown command.
Casting: Vampiric Draining (safe; 1% risk of failure)
Confirm with . or Enter, or press ? or * to list all spells.
Aiming: Necrotise (safe; 1% risk of failure)
Press: ? - help, Shift-Dir - straight line, f - kobold
Aim: a kobold, wielding a +3 short sword of venom and quivering stones (chance to affect: 93%)
You feel a surge of power!
The kobold writhes in agony.
You kill the kobold!
The dead are walking!
Your kobold zombie hits the sleepcap but does no damage.
The sleepcap barely misses you.
Unknown command.
Unknown command.
Casting: Necrotise (safe; 1% risk of failure)
Confirm with . or Enter, or press ? or * to list all spells.
Aiming: Necrotise (safe; 1% risk of failure)
Press: ? - help, Shift-Dir - straight line, f - sleepcap
Aim: a sleepcap (lightly damaged, ally target, chance to affect: 88%)
You feel a surge of power!
The sleepcap writhes in agony.
The sleepcap releases spores at you.
* * * LOW HITPOINT WARNING * * *
You are engulfed in a cloud of soporific spores!
You are unaffected.
Your kobold zombie hits the sleepcap but does no damage. 😱 HP[-5] MP[-1]
You take 5 damage, and now have 12/57 hp.
You lost 1 mp, and now have 1/19 mp.
Unknown command.
Unknown command.
The sleepcap attacks as you move away! The sleepcap barely misses you.
You swap places.
Your kobold skeleton hits the sleepcap but does no damage.
The sleepcap barely misses your kobold skeleton.
Your kobold zombie hits the sleepcap.
Your kobold skeleton hits the sleepcap but does no damage.
Casting: Necrotise (safe; 1% risk of failure)
Confirm with . or Enter, or press ? or * to list all spells.
Aiming: Necrotise (safe; 1% risk of failure)
Press: ? - help, Shift-Dir - straight line, f/p - sleepcap
Aim: a sleepcap (moderately damaged, ally target, chance to affect: 88%)
You feel a surge of power!
The sleepcap writhes in agony.
The sleepcap releases spores at you but does no damage.
Your kobold skeleton hits the sleepcap. 😱 HP[+1] MP[-1]
You lost 1 mp, and now have 0/19 mp.
Unknown command.
You hit the sleepcap. You burn the sleepcap.
The sleepcap releases spores at you.
* * * LOW HITPOINT WARNING * * *
Your kobold zombie hits the sleepcap but does no damage.
Your kobold skeleton hits the sleepcap. 😱 HP[-6] MP[+1]
You take 6 damage, and now have 7/57 hp.
Unknown command.
You hit the sleepcap. You burn the sleepcap.
The sleepcap releases spores at you!
You die...

Skill      XL: |  1  2  3  4  5  6  7 |
---------------+----------------------+-----
Spellcasting   | 2 3 4 5 |  5.0
Necromancy     | 4 5 6 8 |  8.9
Dodging        | |  1.7
Stealth        | |  1.7

Action                     |  1- 3 |  4- 6 |  7- 9 || total
---------------------------+-------+-------+-------++-------
  Melee: Unarmed           |     3 |       |       ||     3
         Dagger            |     3 |       |       ||     3
         Spear             |     1 |       |       ||     1
         Trident           |     2 |    27 |    58 ||    87
   Cast: Necrotise         |    57 |    59 |    27 ||   143
         Vampiric Draining |     1 |    13 |    22 ||    36
         Animate Dead      |       |       |     2 ||     2
    Use: Scroll            |     5 |     3 |     2 ||    10
         Potion            |       |     4 |     1 ||     5
   Stab: Invisible         |       |     3 |       ||     3
 Armour: Robe              |     4 |    11 |    19 ||    34
  Dodge: Dodged            |    13 |    34 |    77 ||   124
  Block: Other             |       |     8 |    23 ||    31
         Reflection        |       |       |     2 ||     2

Levels and vault maps discovered:
D:1:      reono_arrival_forest_river, layout_loops_ring
D:2:      layout_basic
D:3:      layout_rooms, nicolae_overflow_hallway_of_the_gods,
          shapermc_ecumenical_altar_flowoftime
D:4:      kennysheep_slugbush, layout_basic, uniq_crazy_yiuf_cottage,
          uniq_sigmund, uniq_menkaure
D:5:      layout_gridville, grunt_ministairs_14, uniq_pikel

Notes
Turn   | Place    | Note
-------+----------+-------------------------------------------
     0 | D:1      | ytrimaz the Demigod Necromancer began the quest for the
                  | Orb.
     0 | D:1      | Reached XP level 1. HP: 14/14 MP: 5/5
     0 | D:1      | magus.rc [v1.9.6]
   275 | D:1      | Reached skill level 2 in Spellcasting
   495 | D:1      | Reached XP level 2. HP: 20/20 MP: 4/7
   592 | D:1      | Reached skill level 4 in Necromancy
  1163 | D:2      | Reached XP level 3. HP: 26/26 MP: 7/9
  1569 | D:2      | Learned a level 3 spell: Vampiric Draining
  1667 | D:2      | Noticed a scorpion
  1676 | D:2      | Killed a scorpion
  1677 | D:2      | Reached skill level 3 in Spellcasting
  1677 | D:2      | Reached XP level 4. HP: 33/33 MP: 2/11
  2744 | D:4      | Reached XP level 5. HP: 35/38 MP: 8/13
  2825 | D:4      | Identified a +0 robe of the Archmagi
  2825 | D:4      | Noticed Sigmund
  2834 | D:4      | Killed Sigmund
  2835 | D:4      | Reached skill level 4 in Spellcasting
  2835 | D:4      | Reached skill level 5 in Necromancy
  2835 | D:4      | Reached XP level 6. HP: 45/45 MP: 5/15
  2853 | D:4      | Learned a level 5 spell: Agony
  3271 | D:4      | Learned a level 4 spell: Animate Dead
  3311 | D:4      | Noticed Menkaure
  3319 | D:4      | HP: 11/45 [Menkaure/nerve-wracking pain (5)]
  3325 | D:4      | Killed Menkaure
  3326 | D:4      | Reached skill level 6 in Necromancy
  3350 | D:4      | Reached XP level 7. HP: 48/50 MP: 17/17
  3354 | D:4      | You add the spells Borgnjor's Revivification, Necromutation
                  | and Death's Door to your library.
  3686 | D:4      | Reached skill level 5 in Spellcasting
  3878 | D:4      | Found a runed translucent door.
  3879 | D:4      | Noticed Crazy Yiuf
  4054 | D:4      | Killed Crazy Yiuf
  4209 | D:5      | Entered Level 5 of the Dungeon
  4232 | D:5      | Noticed Pikel
  4239 | D:5      | Killed Pikel
  4240 | D:5      | Reached skill level 8 in Necromancy
  4240 | D:5      | Reached XP level 8. HP: 38/57 MP: 4/19
  4699 | D:5      | HP: 14/57 [kobold/+0 dagger (3)]
  4705 | D:5      | HP: 10/57 [kobold/+3 short sword of venom (7)]
  4706 | D:5      | HP: 4/57 [kobold/+3 short sword of venom (6)]
  4712 | D:5      | HP: 12/57 [sleepcap (6)]
  4717 | D:5      | HP: 7/57 [sleepcap (6)]
  4718 | D:5      | Slain by a sleepcap

Vanquished Creatures
  Pikel (D:5)
  Sigmund (D:4)
  Menkaure (D:4)
  A kobold brigand (D:5)
  2 scorpions
  A bullfrog (D:4)
  Crazy Yiuf (D:4)
  2 orc priests (D:4)
  A hound (D:5)
  2 iguanas
  2 orc wizards
  5 gnolls
  7 adders
  2 ufetubi
  11 dart slugs
  10 orcs
  6 endoplasms
  A giant cockroach (D:4)
  6 goblins
  5 hobgoblins
  6 jackals
  15 kobolds
  A quokka (D:2)
  A ball python (D:1)
  9 bats
  A frilled lizard (D:1)
  3 rats
104 creatures vanquished.

Vanquished Creatures (collateral kills)
  A hobgoblin (D:2)
1 creature vanquished.

Vanquished Creatures (others)
  An adder zombie (D:5)
  2 kobolds
  A kobold zombie (D:5)
  A fungus (D:4)
5 creatures vanquished.

Grand Total: 110 creatures vanquished

Table legend:
 A = Non-vault XP
 B = Vault XP
 C = Vault XP percentage of total XP
 D = Non-vault monster count
 E = Vault monster count
 F = Vault count percentage of total count
                 A         B        C        D         E       F
            +---------+---------+-------+---------+---------+-------
      Total |     914 |    1120 |  55.1 |      91 |      14 |  13.3
            +---------+---------+-------+---------+---------+-------
        D:1 |      40 |       0 |   0.0 |      17 |       0 |   0.0
        D:2 |     116 |       0 |   0.0 |      14 |       0 |   0.0
        D:3 |      73 |       0 |   0.0 |      21 |       0 |   0.0
        D:4 |     357 |     479 |  57.3 |      25 |      13 |  34.2
        D:5 |     328 |     641 |  66.2 |      14 |       1 |   6.7
            +---------+---------+-------+---------+---------+-------

Illustrated notes

Table legend:
 A = Kills in this place as a percentage of kills in the entire game.
 B = Kills by you in this place as a percentage of kills by you in the entire game.
 C = Kills by friends in this place as a percentage of kills by friends in the entire game.
 D = Other kills in this place as a percentage of other kills in the entire game.
 E = Experience gained in this place as a percentage of experience gained in the entire game.
 F = Experience gained in this place divided by the number of levels of this place that you have seen.
                   A       B       C       D       E      F
               +-------+-------+-------+-------+-------+----------------------
         Total | 100.0 | 100.0 | 100.0 |   N/A | 100.0 | 406.8
       Dungeon | 100.0 | 100.0 | 100.0 |   N/A | 100.0 | 406.8
               +-------+-------+-------+-------+-------+----------------------

Table legend: (Time is in decaauts)
 A = Elapsed time spent in this place.
 B = Non-inter-level travel time spent in this place.
 C = Inter-level travel time spent in this place.
 D = Time resting spent in this place.
 E = Time spent auto-exploring this place.
 F = Levels seen in this place.
 G = Mean time per level.
                   A        B        C        D        E       F      G
               +--------+--------+--------+--------+--------+-----+--------+
         Total |   4767 |   4689 |     78 |      0 |   3974 |   5 |  953.4 |
       Dungeon |   4767 |   4689 |     78 |      0 |   3974 |   5 |  953.4 |
               +--------+--------+--------+--------+--------+-----+--------+

Top non-repeatable levels by time:
     D:4: 1502 daAuts
     D:1: 989 daAuts
     D:3: 890 daAuts
     D:2: 865 daAuts
     D:5: 519 daAuts
